Workbook

Sheet Grand Total Summary Schedule 4
B3: SCHEDULE NO 4 /SCHEDULE OF RATES [SOR-4] - GRAND TOTAL SUMMARY
B5: Total Price of Schedule No 1/SOR 1 | C5: ='Schedule 1'!J16 -> 0
B6: Total Price of Schedule No 2/SOR 2 | C6: ='Schedule 2'!I12 -> 0
B7: Total Price of Schedule No 3/SOR 3 | C7: ='Schedule 3'!I18 -> 0
B8: Evaluated Bid Value of the Plant Facility (SOR 1+SOR 2+SOR 3) | C8: =SUM(C5:C7) -> 0

Sheet Schedule 1
B2: Schedule No. 1. Plant and Mandatory Spare Parts Supplied from Within the Employer’s Country
B3: Item | C3: Description | D3: Qty (Ls) | E3: Currency | F3: Unit EX Works (EXW) Price | G3: Total EX Works (EXW) Price | H3: Goods & Service Tax (GST) in absolute figures | I3: % (Percentage) of Goods & Service Tax (GST) considered | J3: Total Ex Works (EXW) Price with GST
B4: 1 | C4: 2 | D4: 3 | E4: 4 | F4: 5 | G4: 6=3*5 | H4: 7 | I4: 8 | J4: 9=6+7
B5: A - SUPPLY
B6: 1 | C6: Supply of PV Modules as specified in the Tender Documents | D6: 1 | E6: INR | G6: =F6*D6 -> 0 | J6: =H6+G6 -> 0
B7: 2 | C7: Supply of Inverters as specified in the Tender Documents | D7: 1 | E7: INR | G7: =F7*D7 -> 0 | J7: =H7+G7 -> 0
B8: 3 | C8: Supply of Inverter Transformer as specified in the Tender Documents | D8: 1 | E8: INR | G8: =F8*D8 -> 0 | J8: =H8+G8 -> 0
B9: 4 | C9: Supply of MV Switchgear and RMU as specified in the Tender Documents | D9: 1 | E9: INR | G9: =F9*D9 -> 0 | J9: =H9+G9 -> 0
B10: 5 | C10: Supply of Module Mounting Structure as specified in the Tender Documents | D10: 1 | E10: INR | G10: =F10*D10 -> 0 | J10: =H10+G10 -> 0
B11: 6 | C11: Spare Modules (As Mandatory Spares, 0.50% of total supply of solar modules) | D11: 1 | E11: INR | G11: =F11*D11 -> 0 | J11: =H11+G11 -> 0
B12: 7 | C12: Mandatory Spares excluding Modules | D12: 1 | E12: INR | G12: =F12*D12 -> 0 | J12: =H12+G12 -> 0
B13: 8 | C13: Cables (All DC, LT & HT) | D13: 1 | E13: INR | G13: =F13*D13 -> 0 | J13: =H13+G13 -> 0
B14: 9 | C14: Weather Monitoring Station | D14: 1 | E14: INR | G14: =F14*D14 -> 0 | J14: =H14+G14 -> 0
B15: 10 | C15: Manufacture & Supply of Balance of System including all Equipment's, Materials, Spares, Accessories, Safety & Fire Fighting System etc. excluding in above Solar Part supply and any other Supplies specified in the Tender Documents | D15: 1 | E15: INR | G15: =F15*D15 -> 0 | J15: =H15+G15 -> 0
C16: Grand Total (Supply from Employer's Country) | G16: =SUM(G6:G15) -> 0 | J16: =SUM(J6:J15) -> 0
B18: General instructions to fill the Price Schedules
B19: 1 | C19: The payment of GST by the Employer shall only be at the CEILING of GST as mentioned by the Bidder in the Schedule No 1 at the time of bidding. Bidders are required to quote the applicable GST with due diligence & appropriate financial prudence, as afterwards bidders will not be able to change or claim the GST charges already quoted during the bid.
B20: 2 | C20: Bidders are required to fill the relevant portion/Parts/Line items/scope of the respective Price Schedules only. In case, any line item is left blank by the bidder, it will be deemed assumed by the Employer that such portion/Parts/line item/Scope has been considered by the bidder suitably somewhere else in the Price schedules.
B21: 3 | C21: In case the bidder don't want to mention any quantity/price in any particular line item, then he has to put zero (0) against that particular line item.

Sheet Schedule 2
B1: =IF('Schedule 1'!J16=0,"",IF(I12<0.15*'Schedule 1'!J16,"⚠ INVALID - SCHEDULE 2 TOTAL BELOW MINIMUM 15% OF SCHEDULE 1 - CORRECT BEFORE SUBMITTING ⚠","✓ SCHEDULE 2 TOTAL IS VALID"))
B2: Schedule No. 2. Freight, Design, Civil & Installation and Other Services
B3: SCHEDULE OF RATES [SOR-2] - SOLAR PART {60 MW (AC)}
B4: S. No. | C4: Description of Item | D4: Quantity (Ls) | E4: Price | G4: Goods & Service Tax (GST) in absolute figures | H4: % (Percentage) of Goods & Service Tax (GST) considered | I4: Total Price including GST
E6: Unit Charges (INR) | F6: Total Charges (INR)
B7: 1 | C7: 2 | D7: 3 | E7: 4 | F7: 5=3*4 | G7: 6 | H7: 7 | I7: 8 = 5+6
B8: A - INSTALLATION & OTHER SERVICES
B9: 1 | C9: Freight & Insurance including Loading, Unloading, Storage, Handling at Site | D9: 1 | F9: =E9*D9 -> 0 | I9: =F9+G9 -> 0
B10: 2 | C10: Design, Engineering, Installation, Erection, Testing and Commissioning including Performance Testing in respect of all the Equipments Supplied and any other Services Specified in the Tender Documents | D10: 1 | F10: =E10*D10 -> 0 | I10: =F10+G10 -> 0
B11: 3 | C11: Civil and allied works including construction of Trenches, Module Mounting Structure, foundations, (Solar park items like road, water infrastructure, buildings fencing, street light foundation, other civil works), etc., of all the Equipments Supplied. | D11: 1 | F11: =E11*D11 -> 0 | I11: =F11+G11 -> 0
C12: Grand Total of Freight, Design, Civil & Installation and Other Services | F12: =SUM(F9:F11) -> 0 | I12: =SUM(I9:I11) -> 0
B13: =IF('Schedule 1'!J16=0,"",IF(I12<0.15*'Schedule 1'!J16,"INVALID: Schedule 2 Total ("&TEXT(I12,"#,##0.00")&") must be at least 15% of Schedule 1 Total ("&TEXT('Schedule 1'!J16,"#,##0.00")&"). Minimum required: "&TEXT(0.15*'Schedule 1'!I12,"#,##0.00"),"VALID: Schedule 2 total meets the minimum 15% requirement."))
B14: General instructions to fill the Price Schedules
B15: 1 | C15: Bidders are advised to price their bids in such a manner that the total bid price inclusive of GST in Schedule No. 2. Freight, Design, Civil & Installation and Other Services should not be less than 15% of total bid price inclusive of GST in Schedule No. 1. Plant and Mandatory Spare Parts Supplied from Within the Employer’s Country. In case the Price of Schedule No. 2. Freight, Design, Civil & Installation and Other Services is below the minimum 15 percentage specified above, the amount by which it is lower shall be retained proportionately from the total price inclusive of GST of Schedule No. 1. Plant and Mandatory Spare Parts Supplied from Within the Employer’s Country while releasing payments due on receipt of equipment, and no interest shall be payable on the retained amount. The aforesaid retained amount shall be paid on pro-rata basis upon completion of installation of the respective equipment and its certification by the Project Manager.
B16: 2 | C16: The payment of GST by the Employer shall only be at the CEILING of GST as mentioned by the Bidder in the Schedule No 2 at the time of bidding. Bidders are required to quote the applicable GST with due diligence & appropriate financial prudence, as afterwards bidders will not be able to change or claim the GST charges already quoted during the bid.
B17: 3 | C17: Bidders are required to fill the relevant portion/Parts/Line items/scope of the respective Price Schedules only. In case, any line item is left blank by the bidder, it will be deemed assumed by the Employer that such portion/Parts/line item/Scope has been considered by the bidder suitably somewhere else in the Price schedules.
B18: 4 | C18: In case the bidder don't want to mention any quantity/price in any particular line item, then he has to put zero (0) against that particular line item.

Sheet Schedule 3
B1: =IF(('Schedule 1'!J16+'Schedule 2'!I12)=0,"",IF(G18<0.075*('Schedule 1'!J16+'Schedule 2'!I12),"⚠ INVALID - SCHEDULE 3 O&M BELOW MINIMUM 7.5% REQUIREMENT - CORRECT BEFORE SUBMITTING ⚠","✓ SCHEDULE 3 O&M MEETS MINIMUM REQUIREMENT"))
B2: Schedule No. 3. Operation & Maintenance
B3: 60 MW (AC) Solar PV Power Plant at Gaya, Bihar, India
B4: S. No. | C4: Description of Item | D4: Year | E4: PRICES (INR)
E6: Yearly O&M Price (Excluding GST) | F6: Total value of Applicable GST (in figures) | G6: Yearly O&M Price including GST | H6: Present Value Factor (PVF) | I6: NPV of O&M Price
B11: 1 | C11: 2 | D11: 3 | E11: 4 | F11: 5 | G11: 6=4+5 | H11: 0.083 | I11: 7 = 6* PVF
B12: OPERATION & MAINTENANCE
B13: 1 | C13: Operation and Maintenance of the Solar PV Project for FIRST YEAR | D13: 1 | E13: 0 | G13: =E13+F13 -> 0 | H13: =1/(1+$H$11)^D13 -> 0.92336103 | I13: =G13*H13 -> 0
B14: 2 | C14: Operation and Maintenance of the Solar PV Project for SECOND YEAR | D14: 2 | E14: 0 | G14: =E14+F14 -> 0 | H14: =1/(1+$H$11)^D14 -> 0.8525956 | I14: =G14*H14 -> 0
B15: 3 | C15: Operation and Maintenance of the Solar PV Project for THIRD YEAR | D15: 3 | E15: 0 | G15: =E15+F15 -> 0 | H15: =1/(1+$H$11)^D15 -> 0.78725355 | I15: =G15*H15 -> 0
B16: 4 | C16: Operation and Maintenance of the Solar PV Project for FOURTH YEAR | D16: 4 | E16: 0 | G16: =E16+F16 -> 0 | H16: =1/(1+$H$11)^D16 -> 0.72691926 | I16: =G16*H16 -> 0
B17: 5 | C17: Operation and Maintenance of the Solar PV Project for FIFTH YEAR | D17: 5 | E17: 0 | G17: =E17+F17 -> 0 | H17: =1/(1+$H$11)^D17 -> 0.67120892 | I17: =G17*H17 -> 0
C18: NPV OF O&M FOR 05 YEARS (1+2+3+4+5) - For 60 MW (AC) Solar PV Project | E18: =SUM(E13:E17) -> 0 | G18: =SUM(G13:G17) -> 0 | I18: =SUM(I13:I17) -> 0
B19: =IF(('Schedule 1'!J16+'Schedule 2'!I12)=0,"",IF(G18<0.075*('Schedule 1'!J16+'Schedule 2'!I12),"INVALID: Schedule 3 Absolute of O&M ("&TEXT(G18,"#,##0.00")&") must be at least 7.5% of Schedule1+Schedule2 total ("&TEXT('Schedule 1'!J16+'Schedule 2'!I12,"#,##0.00")&"). Minimum required: "&TEXT(0.075*('Schedule 1'!J16+'Schedule 2'!I12),"#,##0.00"),"VALID: Schedule 3 O&M meets the minimum 7.5% requirement."))
B20: General instructiosn to fill the Price Schedules
B21: 1 | C21: Bidders shall quote their yearly absolute O&M charges inclusive of GST as minimum 1.5% per year i.e. 7.5 % for five (05) years of their total quoted price including GST and excluding absolute O&M Charges (i.e., Schedule No. 1. Plant and Mandatory Spare Parts Supplied from Within the Employer’s Country inclusive of GST + Schedule No. 2. Freight, Design, Civil & Installation and Other Services inclusive of GST). In case O&M Charges are below the minimum percentage of 7.5 % as mentioned, the amount by which it is lower shall be retained from the Schedule No. 1. Plant and Mandatory Spare Parts Supplied from Within the Employer’s Country while releasing payments due on receipt of equipment, and no interest shall be payable on the retained amount. The aforesaid retained amount shall be paid on pro-rata basis upon completion of O&M period and its certification by the project manager.
C22: The payment of GST/Taxation by the Employer shall only be at the CEILING of GST/Taxation as mentioned by the Bidder in the Schedule No 3 at the time of bidding. Bidders are required to quote the applicable GST/Taxation with due diligence & appropriate financial prudence, as afterwards bidders will not be able to change or claim the GST charges already quoted during the bid.
B23: 2 | C23: Bidders are required to fill the relevant portion/Parts/Line items/scope of the respective Price Schedules only. In case, any line item is left blank by the bidder, it will be deemed assumed by the Employer that such portion/Parts/line item/Scope has been considered by the bidder suitably somewhere else in the Price schedules..
B24: 3 | C24: In case the bidder don't want to mention any quantity/price in any particular line item, then he has to mandatorily put zero (0) against that particular line item.
B25: 4 | C25: Bidders are required to mention the GST amount ( Column I) on the actual O&M cost of the yearly basis & not on the NPV of O&M cost.
B26: 5 | C26: O & M Charges on YoY basis must be in equal or in ascending order only.
